Map: Kairos Junction LE

Players

RotterdaM

  • Race: Protoss Protoss
  • League: Grandmaster
  • Spawn Location: 11:00

Lambo - Winner!

  • Race: Zerg Zerg
  • League: Grandmaster
  • Spawn Location: 5:00

VOD

Have the link to the VOD?

Description

Time

  • Played on: Jan. 7, 2019, 8:54 a.m.
  • Length: 6:52
Show
View Real Time Build Order
Export as new Build Order

RotterdaM Protoss 

Build Orders: Phoenix Opening 

Get SALT Encoding   

  12  0:00  Probe  
  13  0:12  Probe  
  14  0:18  Pylon  
  14  0:25  Probe  
  15  0:33  Probe  
  15  0:41  Probe  
  16  0:47  Pylon  
  17  0:51  Probe  
  18  1:01  Gateway  
  18  1:04  Probe, Assimilator  
  19  1:17  Probe  
  20  1:28  Nexus  
  20  1:30  Probe  
  21  1:38  Pylon  
  21  1:46  Assimilator  
  22  1:53  Cybernetics Core  
  21  1:58  Zealot  
  23  2:01  Probe  
  24  2:09  Probe  
  25  2:18  Probe  
  26  2:29  Stargate, Probe  
  26  2:30  Adept  
  26  2:35  Warp Gate  
  26  2:36  Probe  
  29  2:41  Probe  
  31  2:45  Shield Battery  
  31  2:48  Probe  
  31  2:53  Probe  
  33  2:59  Probe  
  33  3:03  Void Ray, Adept  
  33  3:05  Probe  
  37  3:15  Probe  
  42  3:20  Probe  
  42  3:24  Pylon  
  43  3:27  Probe  
  43  3:30  Assimilator  
  44  3:35  Probe  
  45  3:42  Probe  
  45  3:46  Phoenix  
  45  3:47  Robotics Facility  
  48  3:54  Probe  
  49  4:07  Twilight Council  
  49  4:10  Pylon  
  49  4:21  Probe  
  50  4:24  Warp Prism  
  50  4:25  Probe  
  50  4:29  Gateway  
  50  4:31  Gateway  
  51  4:33  Gateway  
  51  4:34  Charge, Gateway  
  51  4:37  Gateway  
  53  4:41  Phoenix  
  55  4:54  Gateway  
  51  5:07  Warp Prism  
  51  5:08  Gateway x2  
  51  5:13  Pylon  
  53  5:14  Pylon  
  53  5:23  Phoenix  
  55  5:35  Zealot x2  
  55  5:36  Zealot x2  
  55  5:41  Zealot  
  65  5:47  Pylon  
  65  5:48  Zealot x2, Pylon  
  69  6:01  Pylon  
  69  6:02  Pylon  
  69  6:03  Phoenix  
  71  6:16  Zealot x3  
  71  6:17  Zealot x2  
  81  6:20  Zealot  
  75  6:34  Zealot  
  75  6:36  Zealot x4  
Show
View Real Time Build Order
Export as new Build Order

Lambo Zerg - Winner!

Build Orders: Hatch First 

Get SALT Encoding   

  12  0:00  Drone  
  13  0:12  Overlord  
  13  0:16  Drone  
  14  0:30  Drone x2  
  16  0:48  Drone x2  
  18  0:52  Extractor  
  17  0:58  Hatchery  
  17  1:00  Drone  
  17  1:13  Spawning Pool  
  17  1:17  Drone  
  17  1:20  Drone  
  18  1:27  Drone  
  19  1:39  Drone  
  20  1:50  Hatchery, Drone  
  20  2:00  Queen  
  22  2:11  Queen  
  22  2:12  Drone  
  25  2:18  Metabolic Boost  
  25  2:24  Overlord  
  25  2:28  Drone  
  26  2:31  Zergling x2  
  27  2:40  Drone  
  28  2:47  Queen, Drone x2  
  28  2:51  Drone  
  33  2:54  Drone  
  34  3:02  Drone x2  
  36  3:09  Overlord  
  36  3:11  Drone x2  
  36  3:12  Drone x2  
  40  3:15  Drone  
  40  3:16  Overlord  
  40  3:19  Zergling x2  
  42  3:27  Overlord  
  42  3:28  Zergling x4  
  42  3:29  Drone  
  42  3:34  Queen  
  45  3:36  Drone  
  48  3:45  Drone x2  
  50  3:48  Drone x2  
  50  3:49  Drone x2  
  50  3:50  Drone  
  50  3:53  Overlord  
  50  3:54  Drone  
  56  3:57  Drone  
  56  3:58  Drone  
  56  4:01  Lair  
  57  4:03  Drone  
  57  4:06  Extractor  
  57  4:07  Extractor, Drone  
  57  4:09  Drone  
  58  4:10  Overlord  
  58  4:12  Drone  
  58  4:14  Drone  
  58  4:15  Drone  
  58  4:16  Drone  
  61  4:18  Drone  
  61  4:22  Overlord  
  61  4:23  Drone  
  61  4:24  Drone  
  64  4:28  Drone  
  65  4:32  Baneling Nest  
  65  4:34  Extractor  
  65  4:37  Zergling x10  
  68  4:43  Zergling x4  
  68  4:44  Zergling x6  
  70  4:57  Drone x3  
  72  5:01  Hydralisk Den  
  72  5:02  Drone x2  
  72  5:06  Spore Crawler x2  
  71  5:07  Spore Crawler  
  71  5:09  Drone x4  
  74  5:18  Spine Crawler  
  73  5:22  Zergling x12  
  79  5:32  Muscular Augments, Hydralisk  
  79  5:34  Overlord  
  81  5:36  Overlord  
  81  5:40  Overlord  
  81  5:41  Overlord  
  81  5:43  Baneling x6  
  81  5:44  Overlord  
  81  5:49  Baneling x3  
  81  5:50  Baneling  
  81  5:55  Hydralisk  
  81  5:56  Hydralisk x3  
  89  6:02  Hydralisk  
  89  6:03  Spine Crawler  
  89  6:05  Hydralisk  
  89  6:10  Hydralisk x2  
  89  6:11  Zergling x2  
  96  6:16  Hydralisk, Zergling x4  
  96  6:17  Zergling x2  
  101  6:20  Zergling x4  
  101  6:22  Baneling x3  
  101  6:25  Hydralisk  
Tags
 
Add a new tag
Caveats
  • Supply blocks, unpowered buildings, or Contaminate may cause inaccurate times.
  • Supply counts are checked every 10 seconds.